[Event "Sardinia World Festival-A 2024"]
[Site "Orosei"]
[Date "2024.05.01"]
[Round "6.18"]
[White "Huschenbeth, Niclas"]
[Black "Assylov, Miras"]
[Result "1-0"]
[ECO "C50"]
[WhiteElo "2607"]
[BlackElo "2342"]
[Annotator "TA"]
[PlyCount "59"]
[EventDate "2024.04.26"]
[EventType "swiss"]
[EventCountry "ITA"]
[SourceTitle "playchess.com"]
[Source "ChessBase"]
[SourceQuality "1"]
[TimeControl "40/5400+30:1800+30"]

1. e4 e5 2. Nf3 Nc6 3. Bc4 Bc5 4. d3 Nf6 5. a4 d6 6. O-O a6 7. Be3 h6 8. Nbd2 O-O {[%emt 0:14:09] The position is equal.} 9. a5 Re8 10. c3 Bxe3 11. fxe3 Be6 12. Bxe6 Rxe6 13. Qe2 d5 14. exd5 Qxd5 15. e4 Qc5+ 16. Kh1 Rd8 17. Nc4 {[%emt 0:00:00] Dodges Red6} Qb5 18. b4 Ne7 {[%emt 0:00:43] [#]} ({Black should play} 18... Na7 $14) 19. Ncxe5 $1 $16 c5 (19... Rxe5 20. c4) 20. c4 $36 {[%emt 0:00:00][%mdl 2048] White has strong initiative.} Qe8 21. bxc5 Nc6 (21... Nd7 $16 22. Nxd7 Rxd7) 22. Nxc6 $18 Rxc6 23. Rab1 Qe7 24. e5 Rxc5 25. d4 Rc7 (25... Rc6 26. Nh4 g6 (26... Rxd4 $2 {is the wrong capture.} 27. Nf5 $18)) 26. Nh4 Ne8 27. Nf5 Qa3 28. d5 {[%emt 0:01:53] [#] d6 is the strong threat.} Qxa5 29. d6 Rc5 30. Ne7+ {[%emt 0:00:30] Weighted Error Value: White=0.04 (flawless) /Black=0.64.  Mistake:       	---       	Black=3      Inaccurate:     	White=1     	Black=2      OK:         	White=9     	Black=8      Best:        	White=3     	Black=1      Strong:       	White=1     	---} ({Weaker is} 30. Rxb7 Rxe5 31. Qd3 Nxd6 32. Nxd6 Re6 $18) (30. Nxh6+ $142 Kh7 31. Nxf7 Rxe5 32. Nxe5 Kg8 33. Rxb7 Nxd6 34. Rxg7+ Kxg7 35. Qg4+ Kh8 36. Ng6+ (36. Nc6 Qa1 37. Rxa1 Rg8 38. Qd4+ Kh7 39. Rf1 Re8 40. Qxd6 Kg7 41. Qd7+ Kg8) 36... Kh7 37. Ne7) 1-0

[Event "Sardinia World Festival-A 2024"]
[Site "Orosei"]
[Date "2024.05.01"]
[Round "6.19"]
[White "Hercegovac, Neven"]
[Black "Samunenkov, Ihor"]
[Result "1/2-1/2"]
[ECO "B48"]
[WhiteElo "2344"]
[BlackElo "2548"]
[Annotator "TA"]
[PlyCount "61"]
[EventDate "2024.04.26"]
[EventType "swiss"]
[EventCountry "ITA"]
[SourceTitle "playchess.com"]
[Source "ChessBase"]
[SourceQuality "1"]
[TimeControl "40/5400+30:1800+30"]

1. e4 c5 2. Nf3 e6 3. d4 cxd4 4. Nxd4 Nc6 5. Nc3 Qc7 6. Be3 a6 7. Qd2 Nf6 8. f4 Bb4 {[%emt 0:00:18] [#] aiming for ...Nxe4.} 9. Bd3 b5 10. a3 Be7 11. e5 Ng4 12. Nxc6 dxc6 13. Bg1 O-O {[%emt 0:00:35] The position is equal.} 14. h3 Nh6 $1 15. g4 Bb7 16. O-O-O c5 17. Be4 Rfd8 {[%emt 0:22:11] Inhibits Qd7.} 18. Qg2 b4 19. Rxd8+ Rxd8 20. Nb1 (20. Bxb7 $2 bxc3 21. bxc3 Qa5 $19) 20... bxa3 21. Nxa3 (21. Bxb7 $2 {loses.} a2 22. Be3 a1=Q $19 (22... a1=B 23. Qc6 $16)) 21... Qa5 {[%emt 0:06:07][%cal Ra5e1] [#]} 22. Be3 $1 c4 $1 23. Nb1 {[%emt 0:00:49] Prevents c3} (23. Bxb7 $2 Bxa3 24. Qc6 Bc5 $19) 23... c3 $1 24. Nxc3 (24. Bxb7 $2 Qa1 $19) 24... Ba3 $1 25. Rd1 {[%emt 0:17:24] And now Rxd8+ would win.} (25. Bxb7 $2 {too greedy.} Qxc3 $19) 25... Bxb2+ 26. Kxb2 {[%emt 0:00:02] Threatens to win with Rxd8+.} Qb4+ 27. Kc1 Qa3+ 28. Kb1 Qb4+ 29. Kc1 Qa3+ 30. Kb1 Qb4+ 31. Kc1 {[%emt 0:00:36] An even fight not without its subleties.   Weighted Error Value: White=0.03 (flawless) /Black=0.00 (flawless) .  Inaccurate:     	White=1     	---        OK:         	White=9     	Black=12     Best:        	White=2     	Black=3      Strong:       	White=1     	Black=4} 1/2-1/2

[Event "Sardinia World Festival-A 2024"]
[Site "Orosei"]
[Date "2024.05.01"]
[Round "6.20"]
[White "Girel, Joseph"]
[Black "Kaczmarek, Aleksander"]
[Result "1-0"]
[ECO "B92"]
[WhiteElo "2479"]
[BlackElo "2362"]
[Annotator "RC"]
[PlyCount "85"]
[EventDate "2024.04.26"]
[EventType "swiss"]
[EventCountry "ITA"]
[SourceTitle "playchess.com"]
[Source "ChessBase"]
[SourceQuality "1"]
[TimeControl "40/5400+30:1800+30"]

1. e4 c5 2. Nf3 d6 3. d4 cxd4 4. Nxd4 Nf6 5. Nc3 a6 6. Be2 e5 7. Nb3 Be7 8. O-O O-O 9. Qd3 Be6 10. Bd2 Re8 11. Rfd1 Bf8 12. Nd5 Nxd5 13. exd5 Bc8 14. Na5 Nd7 15. b4 g6 16. c4 f5 17. Rac1 f4 18. Bg4 Nf6 19. Bxc8 Rxc8 20. Nxb7 Qd7 21. Na5 e4 22. Qe2 Bh6 23. Nc6 f3 24. gxf3 Bxd2 25. Rxd2 Qh3 26. Nd4 Nxd5 27. fxe4 Nf4 28. Qf1 Qh6 29. Kh1 Rxe4 30. c5 dxc5 31. bxc5 Rce8 32. Rdd1 Qh5 33. Qc4+ Kf8 34. Qc3 Qg5 35. Qf3 Kg8 36. c6 Qe5 37. Qb3+ Kf8 38. Nf3 Qf5 39. c7 Qh3 40. Rg1 Ne2 41. Ng5 Qxb3 42. axb3 Nxc1 43. Nxe4 1-0

[Event "Sardinia World Festival-A 2024"]
[Site "Orosei"]
[Date "2024.05.01"]
[Round "6.21"]
[White "Chyzy, Jakub"]
[Black "Agmanov, Zhandos"]
[Result "0-1"]
[ECO "B56"]
[WhiteElo "2314"]
[BlackElo "2458"]
[Annotator "TA"]
[PlyCount "44"]
[EventDate "2024.04.26"]
[EventType "swiss"]
[EventCountry "ITA"]
[SourceTitle "playchess.com"]
[Source "ChessBase"]
[SourceQuality "1"]
[TimeControl "40/5400+30:1800+30"]

1. e4 c5 2. Nf3 d6 3. d4 cxd4 4. Nxd4 Nf6 5. Nc3 Nc6 6. f3 e5 7. Nb3 Be7 8. Be3 O-O 9. Qd2 a5 10. Bb5 Be6 11. Nd5 a4 12. Bb6 Qb8 13. Bxc6 {[%emt 0:15:11] The position is equal.} bxc6 14. Bc7 cxd5 15. Bxb8 axb3 16. exd5 (16. c4 $11 Rfxb8 (16... Raxb8 17. cxd5 Bc8 18. axb3 $15) 17. cxd5) 16... Nxd5 $17 {[%emt 0:00:15] Strongly threatening ...bxc2.} 17. c4 Nf4 (17... Bh4+ $6 18. g3 Nb6 19. Bxd6 (19. gxh4 Nxc4 20. Qe2 Rxa2 $11) 19... Nxc4 20. Qd3 Nxd6 21. gxh4 $14 (21. Qxd6 Bd8 $17)) 18. Bxd6 Bxd6 19. Qxd6 {[%emt 0:01:21] 0-0 is the strong threat.} Bxc4 {[%emt 0:00:51] Black is much more active. The white rooks are passive.} 20. Kf2 {[%emt 0:05:32] [#]} (20. Qxe5 $2 {too greedy.} Nd3+ (20... Nxg2+ $2 {is the wrong capture.} 21. Kf2 $18) 21. Kd2 Nxe5 $19) (20. g3 $17 Nd3+ (20... Rxa2 $2 21. Rxa2 bxa2 22. Kd2 $18) 21. Kf1) 20... Rad8 $1 $19 {[%emt 0:04:33][%cal Ba8d8,Bd8d2,Bd2c2][%mdl 1056] Black has strong compensation.} 21. Qc7 {[%emt 0:07:14] [#]} (21. Qxd8 Rxd8 22. axb3 Bxb3 23. Ra3) 21... Rd2+ $1 22. Ke1 Rc2 {[%emt 0:09:40] Black took control after the opening.   Weighted Error Value: White=0.75/Black=0.00 (flawless) .  Mistake:       	White=3     	---        Inaccurate:     	White=1     	---        OK:         	White=4     	Black=6      Best:        	White=2     	---        Strong:       	---       	Black=2} 0-1

[Event "Sardinia World Festival-A 2024"]
[Site "Orosei"]
[Date "2024.05.01"]
[Round "6.22"]
[White "Dalaud, Dorian"]
[Black "Royal, Shreyas"]
[Result "1/2-1/2"]
[ECO "B52"]
[WhiteElo "2307"]
[BlackElo "2455"]
[Annotator "TA"]
[PlyCount "63"]
[EventDate "2024.04.26"]
[EventType "swiss"]
[EventCountry "ITA"]
[SourceTitle "playchess.com"]
[Source "ChessBase"]
[SourceQuality "1"]
[TimeControl "40/5400+30:1800+30"]

1. e4 c5 2. Nf3 d6 3. Bb5+ Bd7 4. Bxd7+ Qxd7 5. O-O Nf6 6. Qe2 Nc6 7. c3 e6 8. d4 cxd4 9. cxd4 d5 10. e5 Ne4 {[%emt 0:00:07] The position is equal.} 11. Nbd2 Nxd2 12. Bxd2 Bb4 13. Bxb4 Nxb4 14. Qd2 Nc6 15. Rac1 O-O 16. Rc2 Rfc8 17. Rfc1 h6 18. h4 Ne7 19. Rxc8+ Rxc8 20. Rxc8+ Qxc8 $11 {[%emt 0:00:11][%mdl 4096] Endgame. KQN-KQN} 21. g3 b6 22. Kg2 a5 23. Qd3 Qc4 24. Qxc4 dxc4 {[%emt 0:00:11] KN-KN} 25. Nd2 b5 {[%emt 0:00:17] [#]} 26. a4 $1 bxa4 (26... c3 27. bxc3) 27. Nxc4 Nc6 28. Kf3 {[%emt 0:07:41] Ke4 would now be deadly.} Nxd4+ 29. Ke4 Nc6 30. Nb6 f5+ 31. exf6 gxf6 32. Nxa4 {[%emt 0:00:21] Not much happened in this game.   Weighted Error Value: White=0.02 (flawless) /Black=0.03 (flawless) .  OK:         	White=8     	Black=8      Best:        	White=1     	Black=2} 1/2-1/2

[Event "Sardinia World Festival-A 2024"]
[Site "Orosei"]
[Date "2024.05.01"]
[Round "6.23"]
[White "Bettalli, Francesco"]
[Black "Fromm, Marius"]
[Result "1/2-1/2"]
[ECO "B90"]
[WhiteElo "2309"]
[BlackElo "2454"]
[Annotator "TA"]
[PlyCount "80"]
[EventDate "2024.04.26"]
[EventType "swiss"]
[EventCountry "ITA"]
[SourceTitle "playchess.com"]
[Source "ChessBase"]
[SourceQuality "1"]
[TimeControl "40/5400+30:1800+30"]

1. e4 c5 2. Nf3 d6 3. d4 cxd4 4. Nxd4 Nf6 5. Nc3 a6 6. Rg1 (6. Be3 $14 {is more appropriate.}) 6... h5 ({Black should play} 6... b5 $11) 7. h3 (7. Bg5 $14) 7... e5 8. Nb3 Be6 9. Be3 h4 10. Qf3 Nbd7 11. O-O-O Rc8 12. Kb1 {[%emt 0:00:23] [#]} Rxc3 $1 13. bxc3 Qc7 14. Bg5 Be7 (14... b5 $15) 15. Bxf6 (15. c4 $1 $11 {keeps the balance.}) 15... Bxf6 $17 16. c4 Nb6 (16... Bxc4 $2 17. Bxc4 Qxc4 18. Rxd6 $18) 17. Qc3 O-O (17... Nxc4 $6 18. Bxc4 Bxc4 19. Na5 Bxa2+ 20. Kb2 Qxc3+ 21. Kxc3 $14) (17... Na4 18. Qb4 b5 19. Rd2 $11) 18. Qb4 {[%emt 0:15:34] Repels Na4} Be7 19. g4 (19. Ka1 $17) 19... Nxc4 (19... Bxc4 20. Bd3) 20. Bxc4 {[%emt 0:02:40] [#]} d5 $1 (20... Bxc4 21. Qc3) (20... Qxc4 21. Qxc4 Bxc4 22. Rge1 $11) 21. Qxe7 (21. Qa5 $142 b6 (21... Qxc4 22. exd5 Bb4 23. Qb6 $11) 22. Qc3 dxc4 (22... Qxc4 23. Qxc4 dxc4 24. Nd2 $11) 23. Nd2) 21... Qxe7 $19 22. exd5 Rc8 23. d6 Qd7 24. Bxe6 Qxe6 25. Rge1 Rd8 26. Nc5 Qc4 27. Ne4 b5 28. Re3 b4 ({Not} 28... Rc8 29. Rc3 Qb4+ 30. Ka1 $11) 29. f3 {[%emt 0:03:20] [#]} Rd7 $2 ({Better is} 29... a5 $1 $17 {Threatens to win with ...a4.} 30. Red3 a4) 30. Red3 $11 {[%emt 0:00:47] The position is equal.} a5 31. Rd5 a4 32. R1d3 Kh7 33. Rc5 {[%emt 0:08:12] Some like it hot} Qa6 34. Rxe5 {[%emt 0:00:20] Strongly threatening Nc5.} b3 35. axb3 axb3 36. Rxb3 Qf1+ (36... Ra7 $5 37. Rh5+ $8 Kg6 38. Rg5+ Kh7 39. Rh5+ Kg6 40. Rg5+ Kh7 41. Rh5+ $11) 37. Kb2 {[%emt 0:00:09] And now Re7 would win.} Ra7 38. Rh5+ Kg6 39. Rg5+ Kh6 40. Rh5+ Kg6 {[%emt 0:00:02] Black had all chances to win.   Weighted Error Value: White=0.19 (very precise) /Black=0.19 (very precise) .  Mistake:       	White=4     	Black=2      Inaccurate:     	White=4     	---        OK:         	White=10    	Black=10     Best:        	White=7     	Black=1      Strong:       	---       	Black=1} 1/2-1/2

[Event "Sardinia World Festival-A 2024"]
[Site "Orosei"]
[Date "2024.05.01"]
[Round "6.24"]
[White "Olsen, Filip Boe"]
[Black "Lewtak, Damian"]
[Result "0-1"]
[ECO "D35"]
[WhiteElo "2440"]
[BlackElo "2343"]
[Annotator "RC"]
[PlyCount "72"]
[EventDate "2024.04.26"]
[EventType "swiss"]
[EventCountry "ITA"]
[SourceTitle "playchess.com"]
[Source "ChessBase"]
[SourceQuality "1"]
[TimeControl "40/5400+30:1800+30"]

1. d4 Nf6 2. c4 e6 3. Nc3 d5 4. Bg5 Be7 5. cxd5 exd5 6. e3 c6 7. Bd3 Nbd7 8. Nge2 Nh5 9. Bxe7 Qxe7 10. O-O Ndf6 11. Qd2 g6 12. f3 Be6 13. e4 O-O 14. Rae1 Rae8 15. Bb1 a6 16. a3 Nd7 17. g4 Ng7 18. Qh6 dxe4 19. Nxe4 Nf6 20. N2g3 Qd8 21. Nxf6+ Qxf6 22. Re5 Bd5 23. f4 Ne6 24. Nh5 Qh4 25. Rg5 Kh8 26. Bxg6 fxg6 27. Rxg6 Rf7 28. Nf6 Qxh6 29. Rxh6 Ree7 30. g5 Nxd4 31. b4 Re2 32. Rd1 Nf5 33. Rh3 Ne3 34. Rd3 Rg2+ 35. Kh1 Rf2+ 36. Rxd5 Rf1# 0-1

[Event "Sardinia World Festival-A 2024"]
[Site "Orosei"]
[Date "2024.05.01"]
[Round "6.25"]
[White "Kanyamarala, Trisha"]
[Black "Ben Ari, Yannay"]
[Result "1/2-1/2"]
[ECO "E92"]
[WhiteElo "2285"]
[BlackElo "2436"]
[Annotator "TA"]
[PlyCount "123"]
[EventDate "2024.04.26"]
[EventType "swiss"]
[EventCountry "ITA"]
[SourceTitle "playchess.com"]
[Source "ChessBase"]
[SourceQuality "1"]
[TimeControl "40/5400+30:1800+30"]

1. d4 Nf6 2. c4 g6 3. Nc3 Bg7 4. e4 d6 5. Nf3 O-O 6. Be2 e5 7. d5 a5 8. h3 Na6 9. Bg5 Qe8 10. Nd2 Nd7 11. g4 Ndc5 12. Nf1 f5 13. gxf5 gxf5 14. Rg1 Kh8 15. Ng3 f4 16. Nh5 Qg6 17. Kd2 Bh6 18. h4 Bxg5 (18... Nxe4+ $2 $18) 19. Rxg5 $4 (19. hxg5 $15 Nxe4+ 20. Nxe4 Qxe4 21. g6 Qd4+ (21... hxg6 $2 22. Bd3 $18) 22. Ke1 Qxd1+ (22... Qxb2 $2 23. g7+ Kg8 24. gxf8=B+ Kxf8 25. Rb1 $18) 23. Bxd1) 19... Nxe4+ $19 20. Nxe4 Qxe4 21. Qg1 (21. Bd3 {keeps fighting.} Qd4 22. Ke1) 21... Qd4+ $19 22. Kc1 e4 $2 (22... f3 23. Bf1 e4 (23... Qxh4 $2 24. Qg3 $19)) 23. Nxf4 (23. Qh2 $2 e3 24. fxe3 fxe3 $19 (24... Qxe3+ $2 25. Kd1 $19)) 23... Bf5 (23... a4 $1 $19 {[%cal Ra4a3] has better winning chances.} 24. Qg3 a3) 24. Qg3 $17 Nc5 25. Qe3 Qe5 26. h5 $2 (26. Bg4 $15) 26... Rae8 (26... Qf6 $1 $19 {And now ...Nd3+ would win.} 27. Rg1 Rae8 (27... Bd7 $2 28. Ng6+ Kg8 29. Nxf8+ Kxf8 30. Qg5 $18)) 27. Kc2 {[%emt 0:00:48] [#]} (27. Bg4 $17 {might work better.}) 27... Nd3 $2 (27... Qf6 $1 $19 {[%mdl 512] ...Nd3 is the strong threat.} 28. Rb1 (28. Rag1 $2 Nd3 $19) (28. Ne6 Bxe6) 28... Bd7 (28... Qxg5 $2 29. Ng6+ hxg6 30. Qxg5 $19)) 28. Bxd3 $2 ({White has to play} 28. Nxd3 $15 exd3+ 29. Bxd3 Bxd3+ 30. Kxd3 Qxb2 31. Qd4+ Qxd4+ 32. Kxd4 Rxf2 33. h6) 28... exd3+ $19 29. Nxd3 $2 (29. Kb3 {was the only chance.} a4+ 30. Ka3 Qxe3 31. fxe3 Rxe3 32. Kb4 c5+ (32... d2 33. Rd1 $19) 33. Ka5) 29... Bxd3+ $2 (29... Qxe3 $19 30. fxe3 Rxe3 31. Rxf5 Rxf5) 30. Kxd3 $15 Qxb2 31. Qd4+ Qxd4+ 32. Kxd4 Rf4+ 33. Kd3 Rf3+ 34. Kd4 Rxf2 35. Rag1 Rf3 36. h6 Ref8 37. R1g4 c5+ 38. dxc6 bxc6 39. Rg7 Rh3 40. Ra7 Rh5 41. Ra6 c5+ 42. Ke3 Rxh6 43. Rxa5 Re6+ 44. Re4 Rxe4+ 45. Kxe4 h5 46. Ra3 Kg7 47. Rd3 Rd8 48. Kf5 Kf7 49. a4 $2 (49. Rg3 $11) 49... Ke7 $1 $19 50. Rh3 Rh8 $1 51. a5 Kd7 $1 52. a6 {[%emt 0:01:41] [#]} Kc6 $1 53. a7 {[%emt 0:03:42] [#]} Kb7 $2 (53... Ra8 $1 $19 54. Ra3 Kb6) 54. Ke6 $1 $11 Rh6+ 55. Kd7 Ka8 56. Kc6 h4 57. Kc7 Rh5 58. Kxd6 Kb7 59. a8=Q+ Kxa8 60. Kc7 Rh7+ 61. Kc6 Rh5 62. Kc7 1/2-1/2

[Event "Sardinia World Festival-A 2024"]
[Site "Orosei"]
[Date "2024.05.01"]
[Round "6.26"]
[White "Trost, Edvin"]
[Black "Fiedorek, Michal"]
[Result "1/2-1/2"]
[ECO "A13"]
[WhiteElo "2434"]
[BlackElo "2310"]
[Annotator "TA"]
[PlyCount "100"]
[EventDate "2024.04.26"]
[EventType "swiss"]
[EventCountry "ITA"]
[SourceTitle "playchess.com"]
[Source "ChessBase"]
[SourceQuality "1"]
[TimeControl "40/5400+30:1800+30"]

1. Nf3 Nf6 2. c4 e6 3. g3 d5 4. Bg2 d4 5. O-O c5 6. e3 Nc6 7. exd4 cxd4 8. d3 Bd6 9. Na3 Bxa3 10. bxa3 O-O {[%emt 0:00:09] White is slightly better.} 11. Re1 Re8 12. Bf4 Re7 (12... Bd7 $11) 13. Rb1 $16 Ne8 14. Nd2 e5 15. Bxc6 exf4 16. Bf3 fxg3 17. hxg3 Rb8 18. Qa4 {[%emt 0:05:15] [#] Strongly threatening Rxe7.} a6 19. c5 Rxe1+ 20. Rxe1 Nc7 21. Nb3 {[%emt 0:05:49] White has more active pieces.} Be6 22. Qxd4 Qxd4 23. Nxd4 Rd8 24. Re4 (24. Nxe6 $16 Nxe6 25. d4 (25. Bxb7 Nxc5 $16)) 24... Kf8 (24... Bxa2 $11 25. Re7 Kf8 26. Rxc7 Rxd4) 25. Rh4 (25. Nxe6+ $1 $14 Nxe6 26. Rc4) 25... g5 26. Nxe6+ $1 (26. Rxh7 $2 {too greedy.} Rxd4 27. Bxb7 Rxd3 $19) 26... Nxe6 $14 {[%emt 0:00:06][%mdl 4096] Endgame. KRB-KRN} 27. Rc4 (27. Rxh7 Rxd3 28. Bxb7 Nxc5 $11) 27... Rxd3 28. Bxb7 Ke7 29. a4 a5 30. c6 {[%emt 0:01:01] c7 would now be deadly.} Kd8 {[%emt 0:01:20] [#] The position is equal.} 31. c7+ $1 Nxc7 32. Rc5 h6 33. Rxa5 Ra3 34. Bc6 Rxa2 35. Rf5 Ke7 36. a5 Ke6 37. g4 h5 38. Bf3 f6 39. Rc5 hxg4 40. Bxg4+ Kd6 41. Rf5 Nd5 42. Bf3 Rxa5 43. Bxd5 Rxd5 44. Rxf6+ $11 {[%emt 0:00:08] KR-KR} Ke5 45. Rf3 Rd4 46. Re3+ Re4 47. Kg2 Rxe3 48. fxe3 Ke4 49. Kg3 g4 50. Kxg4 Kxe3 {[%emt 0:00:03] Weighted Error Value: White=0.12 (very precise) /Black=0.11 (very precise) .  Mistake:       	White=2     	Black=2      Inaccurate:     	White=3     	Black=4      OK:         	White=15    	Black=18     Best:        	White=2     	Black=3      Strong:       	White=1     	---} 1/2-1/2

[Event "Sardinia World Festival-A 2024"]
[Site "Orosei"]
[Date "2024.05.01"]
[Round "6.27"]
[White "Yilmaz, Baver"]
[Black "Aghayev, Miragha"]
[Result "1/2-1/2"]
[ECO "C64"]
[WhiteElo "2277"]
[BlackElo "2424"]
[Annotator "TA"]
[PlyCount "53"]
[EventDate "2024.04.26"]
[EventType "swiss"]
[EventCountry "ITA"]
[SourceTitle "playchess.com"]
[Source "ChessBase"]
[SourceQuality "1"]
[TimeControl "40/5400+30:1800+30"]

1. e4 e5 2. Nf3 Nc6 3. Bb5 a6 4. Ba4 Bc5 5. c3 Nge7 6. O-O Ba7 7. d4 Ng6 8. Bg5 f6 {[%emt 0:01:02] White is slightly better.} 9. Be3 O-O 10. Nbd2 d6 11. Re1 Kh8 12. Nf1 Nce7 (12... f5 $11) 13. h4 Ng8 ({Black should play} 13... exd4 $11 14. cxd4 d5) 14. h5 N6e7 15. Nh4 Be6 16. Ng3 Qc8 17. Kh1 (17. Bc2 $16) 17... g5 (17... exd4 $11 18. cxd4 d5) 18. hxg6 $16 hxg6 {[%emt 0:01:59] [#]} (18... Nxg6 $16 {was worth a try.} 19. Nhf5 d5) 19. Nxg6+ $1 $18 Nxg6 20. Qh5+ Kg7 21. Nf5+ Bxf5 22. exf5 N6e7 23. Qg4+ ({White has to play} 23. g4 $1 $16 {And now Kg2 would win.} b5 24. Bb3) 23... Kf7 $2 (23... Kh8 $1 $14 24. Qh4+ Kg7) 24. Qh5+ (24. dxe5 $1 $18 {Intending e6+ and mate.} fxe5 (24... dxe5 $2 25. Bb3+ Ke8 26. Qh5+ Kd8 27. Rad1+ $18) 25. Bb3+ (25. Qh5+ Kg7 $11) 25... Ke8 26. Be6) 24... Kg7 $16 25. Qg4+ (25. g4 $1 $16 {Strongly threatening Kg2.} b5 26. Bb3) 25... Kh8 {[%emt 0:00:10] [#]} (25... Kf7 $11 {keeps the balance.} 26. dxe5 fxe5 (26... dxe5 $2 {too greedy.} 27. Bb3+ Ke8 28. Qh5+ Kd8 29. Rad1+ $18)) 26. Qh5+ (26. Qh4+ $142 $1 Kg7 27. g4) 26... Kg7 {[%emt 0:00:09] [#]} 27. Qg4+ $2 {[%emt 0:01:06] Weighted Error Value: White=0.58/Black=0.44.  Loses game:     	---       	Black=1      Mistake:       	White=6     	Black=5      Inaccurate:     	White=3     	Black=1      OK:         	White=4     	Black=6      Best:        	White=2     	Black=5      Brilliant:      	White=1     	---} ({Better is} 27. g4 $1 $16 b5 28. Bb3) 1/2-1/2

[Event "Sardinia World Festival-A 2024"]
[Site "Orosei"]
[Date "2024.05.01"]
[Round "6.28"]
[White "Yankelevich, Lev"]
[Black "Krawczyk, Flawian"]
[Result "1/2-1/2"]
[ECO "A13"]
[WhiteElo "2413"]
[BlackElo "2315"]
[Annotator "TA"]
[PlyCount "118"]
[EventDate "2024.04.26"]
[EventType "swiss"]
[EventCountry "ITA"]
[SourceTitle "playchess.com"]
[Source "ChessBase"]
[SourceQuality "1"]
[TimeControl "40/5400+30:1800+30"]

1. Nf3 Nf6 2. c4 e6 3. g3 d5 4. Bg2 d4 5. O-O c5 6. b4 cxb4 7. a3 Nc6 8. d3 a5 9. axb4 Bxb4 10. Ba3 O-O 11. Ne1 e5 12. Bxb4 Nxb4 13. Nc2 {[%emt 0:00:03] Hoping for Nxb4.} Na6 14. Nd2 (14. f4 $1 $11 {remains equal.}) 14... Nc5 $17 15. f4 exf4 16. Rxf4 Bg4 {[%emt 0:00:00] Against Nf3} 17. h3 (17. Ne4 $15 Ncxe4 18. dxe4 Bxe2 19. Qxe2) 17... Bh5 (17... Bd7 $142 18. Rh4 a4) 18. g4 Ne6 (18... Bg6 $1 $17 {Threatens to win with ...Re8.} 19. Nxd4 Re8) 19. Rxf6 $11 Qxf6 20. gxh5 Nf4 21. Ne4 $36 {[%emt 0:02:12][%cal Bd2e4,Be4c3,Bc3d5,Bd5b6][%mdl 2080] Against Qg5. White has some pressure.} Qh4 {[%emt 0:00:00] ...f5 would now be deadly.} 22. Nxd4 (22. Kh2 $11) 22... Nxh3+ (22... f5 $1 $15 23. Nf3 Qxh5) 23. Bxh3 Qxh3 24. Nf3 {[%emt 0:01:42] Active counter play! Excellent horsemanship.} f5 ({Black should play} 24... Qxh5 $14 25. Qa4 Rfb8) 25. Nc3 $1 $16 (25. Neg5 $6 Qxh5 26. Kf2 Rf6 $11) 25... Qxh5 26. Kf2 Qh6 27. Nd5 Qd6 (27... Ra6 $16 28. Qb3 g5) 28. Qb3 $18 Kh8 29. Qb6 {[%emt 0:02:04] Prevents Ra7} Qxb6+ 30. Nxb6 Ra6 31. c5 {[%emt 0:00:09][%mdl 1024] White has strong compensation.} h6 {[%emt 0:00:32] [#]} (31... Kg8 $16 32. Ra4 (32. d4 Rd8 $18) 32... h6) 32. Ne5 $1 (32. d4 $6 Rd8 33. e3 Kg8) 32... Kh7 {[%emt 0:00:04] Repels Ng6} (32... Kg8 {was called for.} 33. Nec4 a4 34. Rxa4 (34. Nxa4 h5 $16) 34... Rxa4 35. Nxa4 g5) 33. Nec4 (33. d4 a4 34. d5 (34. Nxa4 Rfa8 $17) (34. Rxa4 Rxa4 35. Nxa4 Rd8 $18) 34... a3 $18) 33... g5 (33... a4 $142 34. Rxa4 (34. Nxa4 g5 $16) 34... Rxa4 35. Nxa4 h5) 34. Rxa5 Rxa5 35. Nxa5 f4 36. Nxb7 g4 37. c6 {[%emt 0:00:09] Strongly threatening c7.} f3 38. exf3 Rxf3+ 39. Kg2 Rxd3 40. Na4 {[%emt 0:00:06] Prevents Rc3} (40. c7 Rc3 $16) 40... Re3 41. Nac5 {[%emt 0:35:51] Against Re6. Threatening mate with c7.} Re8 42. Nd6 {[%emt 0:00:31] Prevents Rc8} (42. c7 $18 {and the rest is easy. White wants to mate with Nd8.} Rc8 43. Ne6) 42... Re7 $16 {[%emt 0:00:04] [#]} 43. Na6 {[%emt 0:06:40] Prevents Rc7.} Re2+ 44. Kg3 (44. Kg1 $16) 44... Rc2 $11 {[%emt 0:00:04] The position is equal.} 45. c7 (45. Kxg4 $2 Rxc6 $19) 45... h5 $1 46. Kh4 (46. c8=Q $5 h4+ $8 47. Kxg4 Rxc8 48. Nxc8 $11) 46... Rh2+ $1 47. Kg5 Rc2 48. Ne4 {[%emt 0:00:13][%cal Oa6c5] Prevents g3. White threatens Nac5! and mate.} ({Reject} 48. c8=R Rxc8 49. Ne4 (49. Nxc8 $2 {loses.} g3 $19) 49... Kh8 $15) ({But not} 48. c8=B Rxc8 49. Ne4 (49. Nxc8 $2 g3 $19) 49... Kg8 $15) 48... g3 49. Nxg3 h4 50. Ne4 {[%emt 0:00:46][%cal Oa6c5] Intending Nac5! and mate.} Rc6 51. Kxh4 Rxc7 52. Nxc7 Kg6 53. Kg4 Kf7 54. Kf5 Ke7 55. Ke5 Kd7 56. Nd5 Kc6 57. Ne3 Kb5 58. Kd5 Kb4 59. Kd4 Kb5 {[%emt 0:00:03] White really could win this.   Weighted Error Value: White=0.30/Black=0.25 (precise) .  Missed win:     	White=1     	---        Mistake:       	White=4     	Black=8      Inaccurate:     	White=3     	Black=3      OK:         	White=18    	Black=11     Best:        	White=4     	Black=6      Strong:       	White=2     	Black=2} 1/2-1/2